 Dungeon Crawl Stone Soup version 0.30-a0-347-gf58ed5266c (webtiles) character file.

Game seed: 11247778104342940897

28449 koil the Nimble (level 13, -6/63 HPs)
             Began as a Spriggan Enchanter on Nov 6, 2022.
             Was an Initiate of Gozag.
             Mangled by an ice devil (20 damage)
             ... in an ice cave on Nov 7, 2022.
             The game lasted 01:41:35 (21173 turns).

koil the Nimble (Spriggan Enchanter)               Turns: 21173, Time: 01:41:47

Health: -6/63      AC: 14    Str:  4    XL:     13   Next: 9%
Magic:  14/28      EV: 25    Int: 27    God:    Gozag
Gold:   1624       SH:  5    Dex: 14    Spells: 5/32 levels left

rFire   . . .      SeeInvis +    a - +3 dagger (venom)
rCold   . . .      Faith    .    (no shield)
rNeg    . . .      Spirit   .    H - +2 steam dragon scales
rPois   .          Reflect  +    (helmet restricted)
rElec   .          Harm     .    K - +2 cloak {rCorr}
rCorr   +          Rampage  .    (gloves unavailable)
Will    ++...                    (boots unavailable)
Stlth   ++++......               k - amulet of reflection
HPRegen 0.30/turn                v - +4 ring of protection
MPRegen 0.21/turn                C - +6 ring of intelligence

@: confusing by touch, very slightly contaminated, studying Axes, very quick
A: very small, no large weapons, unfitting armour, see invisible, speed 3,
antennae 1, clumsy 1, frail 1
a: Renounce Religion, Potion Petition, Call Merchant, Bribe Branch


You were in an ice cave.
You worshipped Gozag.
Gozag was most pleased with you.
You visited 3 branches of the dungeon, and saw 15 of its levels.
You also visited: Ossuary, Bailey and Ice Cave.

You collected 4073 gold pieces.
You spent 1039 gold pieces at shops.
You paid 1410 gold pieces to Gozag.

Inventory:

Hand Weapons
 a - a +3 dagger of venom (weapon)
 l - a +1 dagger of freezing
 y - the +9 staff of Olgreb {rPois∞}
   (You found it on level 8 of the Dungeon)

   If the wielder is skilled in Evocations, they can envenom those struck by it,
   dealing poison damage which bypasses armour.
   It enhances your poison magic.
   It grants immunity to poison.
   It can be activated via the 'a'bility menu to radiate toxic energy, with
   effectiveness depending on Evocations skill.
 Q - a +2 short sword of speed
Missiles
 n - 45 poisoned darts
 G - 3 throwing nets
Armour
 f - a +0 robe of fire resistance
 H - +2 steam dragon scales (worn)
 K - a +2 cloak of preservation (worn)
Magical Staves
 r - a staff of poison
Jewellery
 k - an amulet of reflection (around neck)
 v - a +4 ring of protection (left hand)
 C - a +6 ring of intelligence (right hand)
 S - a ring of fire
Wands
 h - a wand of quicksilver (3)
 s - a wand of charming (24)
 t - a wand of flame (10)
 B - a wand of digging (2)
 E - a wand of iceblast (6)
Scrolls
 b - a scroll of summoning
 g - 2 scrolls of magic mapping
 i - 5 scrolls of immolation
 q - 14 scrolls of identify
 z - 5 scrolls of teleportation
 R - a scroll of enchant weapon
Potions
 c - 7 potions of invisibility
 d - 2 potions of heal wounds
 e - 8 potions of flight
 j - 4 potions of brilliance
 m - 2 potions of might
 o - 6 potions of curing
 p - a potion of ambrosia
 w - 2 potions of resistance
 x - 3 potions of lignification
 O - a potion of haste


   Skills:
 + Level 9.5 Fighting
 - Level 10.0 Short Blades
 + Level 14.6 Dodging
 - Level 8.0 Stealth
 - Level 10.0 Spellcasting
 + Level 3.7 Conjurations
 - Level 7.0 Hexes
 - Level 3.0 Translocations
 + Level 5.7 Air Magic


You had 5 spell levels left.
You knew the following spells:

 Your Spells              Type           Power      Damage    Failure   Level
a - Ensorcelled Hibernat  Hex/Ice        64%        N/A       1%          2
b - Confusing Touch       Hex            50%        N/A       1%          3
c - Dazzling Flash        Conj/Hex       84%        N/A       1%          3
d - Blink                 Tloc           58%        N/A       1%          2
e - Arcjolt               Conj/Air       19%        1d29      17%         5
f - Airstrike             Air            22%        2d(4-20)  4%          4
g - Stone Arrow           Conj/Erth      46%        3d9       6%          3
h - Lightning Bolt        Conj/Air       19%        1d34      17%         5

Your spell library contained the following spells:

 Spells                   Type           Power      Damage    Failure   Level
 Apportation              Tloc           58%        N/A       1%          1
 Shock                    Conj/Air       100%       1d9       1%          1
 Static Discharge         Conj/Air       78%        2-6/arc   1%          2
 Swiftness                Air            44%        N/A       1%          3
 Tukima's Dance           Hex            50%        N/A       1%          3
 Vhi's Electric Charge    Tloc/Air       74%        N/A       2%          3
 Necrotise                Necr           52%        1d6       4%          1
 Summon Small Mammal      Summ           52%        N/A       4%          1
 Scorch                   Fire           26%        2d6       6%          2
 Manifold Assault         Tloc           29%        N/A       12%         4
 Flame Wave               Conj/Fire      23%        2d8       21%         4
 Animate Armour           Summ/Erth      26%        N/A       38%         4
 Summon Cactus Giant      Summ           6%         N/A       100%        6
 Storm Form               Tmut/Air       14%        N/A       100%        7
 Lehudib's Crystal Spear  Conj/Erth      11%        10d4      100%        8


Dungeon Overview and Level Annotations

Branches:
Dungeon (11/15)            Temple (1/1) D:6            Lair (3/5) D:11
  Swamp (0/4) Lair:2          Orc (0/2) D:11        Ossuary (visited)
 Bailey (visited)           IceCv (1/1)
  Snake: Lair:2-3    Spider: Lair:2-3

Altars:
Ashenzari
Cheibriados
Dithmenos
Elyvilon
Fedhas
Gozag
Hepliaklqana
Kikubaaqudgha
Makhleb
Nemelex Xobeh
Okawaru
Qazlal
Ru
Sif Muna
Trog
Uskayaw
Vehumet
Wu Jian
Xom
Yredelemnul
Zin
The Shining One

Shops:
D:4 *[[([   D:9 ([

Annotations:
Lair:2 1 runed translucent door, Zonian's ghost, journeyman DjIE
Lair:3 2 transporters, exclusion: ice statue


Innate Abilities, Weirdness & Mutations

You are very small and have problems with some larger weapons.
You are too small for most types of armour.
You have supernaturally acute eyesight. (SInv)
You cover ground extremely quickly. (Speed+++)
You have a pair of small antennae on your head.
You are clumsy. (Dex -2)
You are frail. (-10% HP)


Message History

Aim: an ice devil (71% to hit)
The stone arrow hits the ice devil.
The ice devil is lightly wounded.
Casting: Stone Arrow (dangerous; 6% risk of failure)
Confirm with . or Enter, or press ? or * to list all spells.
Aiming: Stone Arrow (dangerous; 6% risk of failure)
Press: ? - help, Shift-Dir - straight line, f/p - ice devil
Aim: an ice devil (lightly wounded, 71% to hit)
You miscast Stone Arrow.
You are very lightly contaminated with residual magic.
Nothing appears to happen.
Casting: Stone Arrow (dangerous; 6% risk of failure)
Confirm with . or Enter, or press ? or * to list all spells.
Your hands begin to glow red.
You closely miss the ice devil.
The ice devil is lightly wounded.
You hit the ice devil but do no damage.
You punch the ice devil, but do no damage.
The ice devil is lightly wounded.
The ice devil completely misses you.
You hit the ice devil but do no damage.
The ice devil is lightly wounded.
You hit the ice devil but do no damage.
You punch the ice devil, but do no damage.
The ice devil is lightly wounded.
The ice devil hits you but does no damage.
You hit the ice devil but do no damage.
The ice devil is lightly wounded.
You hit the ice devil but do no damage.
The ice devil is lightly wounded.
The ice devil closely misses you.
You hit the ice devil but do no damage.
The ice devil is lightly wounded.
You hit the ice devil but do no damage.
The ice devil is lightly wounded.
The ice devil hits you.
* * * LOW HITPOINT WARNING * * *
The ice devil freezes you!!
You die...
Your body crumbles into a pile of gold.

..4 { Z..4 #### {
4.ZZ. #..##
.Z4..4#...## ##
#....#..# ##≈
##...#$.# #≈≈
##.##.$# #≈≈######
###.Z## #≈≈.#@..##
##..###### #...4..#
#..## #[[#
##..#..####..###..#
##...##..#
##..#8..##
##...####.##
##......# ##...##
#..## #......#
#...## ##..#
#....... ##..##
#..###.......
#..######
##..###......


You could see an ice devil.

Vanquished Creatures
  2 hydras (Lair:2)
  Erica (D:8)
  2 two-headed ogres
  2 boulder beetles (D:11)
  A tengu warrior (D:11)
  Amaemon (D:11)
  A deep elf pyromancer (D:11)
  A black mamba (Lair:2)
  6 elephants (Lair:1)
  An orange demon (Lair:1)
  5 cane toads
  3 freezing wraiths
  2 rime drakes
  8 ice devils
  3 komodo dragons
  2 anaconda simulacra (IceCv)
  2 polar bears (Lair:2)
  A troll (D:10)
  A hornet (D:9)
  2 vampires (D:10)
  12 yaks
  3 wyverns
  A shadow (D:11)
  2 basilisks (Lair:2)
  A steam dragon (D:6)
  A death yak simulacrum (IceCv)
  7 redbacks (D:8)
  4 swamp worms (Lair:2)
  2 acid dragons
  11 water moccasins
  19 orc warriors
  2 ice beasts (Lair:3)
  A black bear (shapeshifter) (D:11)
  2 black bears
  2 centaurs
  11 wolves (Lair:2)
  An ogre (D:5)
  3 kobold brigands
  10 bullfrogs
  4 necrophages
  2 elf zombies (Ossuary)
  A gnoll sergeant (D:9)
  A two-headed ogre simulacrum (IceCv)
  5 scorpions
  A cane toad simulacrum (IceCv)
  An elephant simulacrum (IceCv)
  14 killer bees
  8 electric eels
  4 lava snakes (Lair:2)
  2 hounds
  A jelly (D:6)
  2 gnoll boudas
  7 orc priests
  3 iguanas
  12 orc wizards
  A spriggan simulacrum (IceCv)
  2 wolf simulacra (IceCv)
  5 polar bear simulacra (IceCv)
  5 hound zombies (Ossuary)
  3 mummies (Ossuary)
  13 gnolls
  3 naga simulacra (IceCv)
  9 adders
  2 shadow imps (D:7)
  3 white imps
  An ufetubus (IceCv)
  4 adder zombies (Ossuary)
  6 worms
  3 dart slugs
  65 orcs
  6 ball pythons
  5 bats
  8 endoplasms
  4 giant cockroaches
  10 goblins
  5 hobgoblins
  4 jackals
  3 quokkas
  A frilled lizard (D:1)
  3 gnoll zombies (Ossuary)
  5 goblin zombies (Ossuary)
  3 hobgoblin zombies (Ossuary)
  3 jackal zombies (Ossuary)
  17 kobolds
  4 kobold zombies (Ossuary)
  3 orc zombies (Ossuary)
  3 quokka zombies (Ossuary)
  10 rats
  2 rat zombies (Ossuary)
434 creatures vanquished.

Vanquished Creatures (others)
  An orc wizard (D:10)
  An orc (D:10)
  19 fungi
  10 plants
31 creatures vanquished.

Grand Total: 465 creatures vanquished

Notes
Turn   | Place    | Note
-------+----------+-------------------------------------------
     0 | D:1      | koil the Spriggan Enchanter began the quest for the Orb.
     0 | D:1      | Reached XP level 1. HP: 9/9 MP: 5/5
    84 | D:1      | Reached XP level 2. HP: 13/13 MP: 6/6
    87 | D:1      | Learned a level 2 spell: Ensorcelled Hibernation
   413 | D:1      | Reached skill level 3 in Dodging
   793 | D:2      | Reached XP level 3. HP: 17/17 MP: 8/8
   821 | D:2      | Learned a level 3 spell: Confusing Touch
   984 | D:2      | Found a faded altar of an unknown god.
  1269 | D:2      | Reached skill level 5 in Stealth
  1486 | D:3      | Reached XP level 4. HP: 21/21 MP: 9/9
  1490 | D:3      | Learned a level 3 spell: Dazzling Flash
  1678 | D:3      | Reached skill level 1 in Fighting
  2135 | D:3      | Noticed a scorpion
  2140 | D:3      | Killed a scorpion
  2141 | D:3      | Reached skill level 1 in Conjurations
  2141 | D:3      | Reached skill level 1 in Translocations
  2141 | D:3      | Reached XP level 5. HP: 25/25 MP: 8/11
  2547 | D:4      | Found a bloodstained altar of Trog.
  2732 | D:4      | Found Pitt's Armour Shoppe.
  2798 | D:4      | Reached XP level 6. HP: 30/30 MP: 12/12
  2808 | D:4      | Reached skill level 4 in Dodging
  2822 | D:4      | Found Vatocv Vyups's Assorted Antiques.
  2896 | D:4      | Found Xiruobli's Armour Boutique.
  3194 | D:4      | Found Jyming's Armour Boutique.
  3358 | D:4      | Found Pitompof's Antique Weapon Emporium.
  3393 | D:5      | Entered Level 5 of the Dungeon
  3511 | D:5      | Found a glowing silver altar of Zin.
  3643 | D:4      | Found a bloodstained altar of Trog.
  3663 | D:4      | Found Vatocv Vyups's Assorted Antiques.
  3692 | D:4      | Found Pitt's Armour Shoppe.
  3860 | D:4      | Found Jyming's Armour Boutique.
  4001 | D:4      | Found Pitompof's Antique Weapon Emporium.
  4043 | D:4      | Found Xiruobli's Armour Boutique.
  4247 | D:5      | Reached XP level 7. HP: 24/34 MP: 7/14
  4318 | D:5      | Learned a level 2 spell: Blink
  4803 | D:5      | Reached skill level 5 in Hexes
  5140 | D:6      | Reached skill level 5 in Dodging
  5146 | D:6      | Noticed a steam dragon
  5198 | D:6      | Found a shimmering altar of Xom.
  5228 | D:6      | Killed a steam dragon
  5323 | D:6      | Reached XP level 8. HP: 39/39 MP: 13/16
  5388 | D:6      | Found a staircase to the Ecumenical Temple.
  5730 | Temple   | Entered the Ecumenical Temple
  5791 | Temple   | Became a worshipper of Gozag Ym Sagoz the Greedy
  5827 | Temple   | Identified a scroll of acquirement
  5827 | Temple   | Acquired 662 gold pieces
  5945 | Temple   | Gained mutation: You have a somewhat thin skeletal
                  | structure. (Dex +2, Stealth+) [potion of mutation]
  5945 | Temple   | Gained mutation: Your muscles are strong. (Str +4, Int/Dex
                  | -1) [potion of mutation]
  5945 | Temple   | Gained mutation: Your spells are a little harder to cast,
                  | but a little more powerful. [potion of mutation]
  5946 | Temple   | Lost mutation: You have a somewhat thin skeletal structure.
                  | (Dex +2, Stealth+) [potion of mutation]
  5946 | Temple   | Lost mutation: Your muscles are strong. (Str +4, Int/Dex
                  | -1) [potion of mutation]
  5946 | Temple   | Lost mutation: Your spells are a little harder to cast, but
                  | a little more powerful. [potion of mutation]
  5946 | Temple   | Gained mutation: You have large cloven feet. [potion of
                  | mutation]
  5946 | Temple   | Gained mutation: You are frail. (-10% HP) [potion of
                  | mutation]
  5946 | Temple   | Gained mutation: You are agile. (Dex +4, Str/Int -1)
                  | [potion of mutation]
  5947 | Temple   | Lost mutation: You are agile. (Dex +4, Str/Int -1) [potion
                  | of mutation]
  5947 | Temple   | Lost mutation: You have large cloven feet. [potion of
                  | mutation]
  5947 | Temple   | Gained mutation: Your mind is acute. (Int +4, Str/Dex -1)
                  | [potion of mutation]
  5947 | Temple   | Gained mutation: You are clumsy. (Dex -2) [potion of
                  | mutation]
  5947 | Temple   | Gained mutation: You have sharp fingernails. [potion of
                  | mutation]
  5948 | Temple   | Lost mutation: You have sharp fingernails. [potion of
                  | mutation]
  5948 | Temple   | Lost mutation: Your mind is acute. (Int +4, Str/Dex -1)
                  | [potion of mutation]
  5948 | Temple   | Gained mutation: You have a pair of small antennae on your
                  | head. [potion of mutation]
  6013 | D:7      | Found a flagged portal.
  6200 | D:6      | Reached skill level 5 in Spellcasting
  6307 | Bailey   | Entered a bailey
  6810 | Bailey   | Reached skill level 6 in Dodging
  6867 | Bailey   | Identified the +7 crystal plate armour of Zazoawar {Str+3
                  | Dex+4}
  6953 | Bailey   | Identified the +10 great sword of Doom {venom, *Noise rElec
                  | rC+}
  6958 | Bailey   | Identified the +5 tower shield of Responsibility {Str+6}
  7163 | D:7      | Reached XP level 9. HP: 36/39 MP: 18/18
  7500 | D:7      | Reached skill level 5 in Short Blades
  8260 | D:8      | Noticed Erica
  8268 | D:8      | Reached skill level 7 in Dodging
  8339 | D:8      | Found a sand-covered staircase.
  8345 | Ossuary  | Entered an ossuary
  8912 | D:8      | Killed Erica
  8913 | D:8      | Reached skill level 8 in Dodging
  9058 | D:8      | Found an ornate altar of the Wu Jian Council.
  9256 | D:8      | Noticed a torpor snail
  9275 | D:8      | Reached XP level 10. HP: 39/45 MP: 19/22
  9298 | D:8      | Found the +9 staff of Olgreb {rPois∞}
  9307 | D:8      | Found a runed translucent door.
  9313 | D:8      | Found a runed translucent gate.
  9313 | D:8      | Found a runed translucent gate.
  9314 | D:8      | Found a runed translucent door.
  9324 | D:8      | Found a runed translucent gate.
  9544 | D:8      | Found a snail-covered altar of Cheibriados.
  9544 | D:8      | Noticed a torpor snail
  9544 | D:8      | Noticed a torpor snail
  9641 | D:8      | Reached skill level 5 in Fighting
  9772 | D:8      | Reached skill level 9 in Dodging
  9893 | D:8      | Found a runed translucent door.
  9938 | D:8      | Found a snail-covered altar of Cheibriados.
 10168 | D:8      | Found an ornate altar of the Wu Jian Council.
 11054 | D:9      | Learned a level 5 spell: Arcjolt
 11333 | D:9      | Reached skill level 10 in Dodging
 11333 | D:9      | Reached skill level 1 in Air Magic
 11487 | D:9      | Reached XP level 11. HP: 37/50 MP: 5/25
 12168 | D:9      | Bought a +1 cloak of preservation for 247 gold pieces
 12180 | D:9      | Bought a pitted morningstar for 324 gold pieces
 12180 | D:9      | Identified the +0 morningstar of Dohev {vorpal, rElec Will+
                  | Int+5} (You bought it in a shop on level 9 of the Dungeon)
 12180 | D:9      | Bought a shimmering mace for 288 gold pieces
 12180 | D:9      | Identified the +8 mace of Valour {antimagic, rElec rPois}
                  | (You bought it in a shop on level 9 of the Dungeon)
 12189 | D:10     | Entered Level 10 of the Dungeon
 12238 | D:10     | Found a glowing golden altar of the Shining One.
 12240 | D:10     | Noticed an angel
 12256 | D:10     | Found a basalt altar of Yredelemnul.
 12279 | D:10     | Noticed a profane servitor
 12681 | D:10     | Noticed a two-headed ogre
 12713 | D:10     | Killed a two-headed ogre
 12932 | D:10     | Found a broken altar of Ashenzari.
 13443 | D:11     | Found a staircase to the Orcish Mines.
 13557 | D:11     | Noticed a boulder beetle
 13557 | D:11     | Noticed a two-headed ogre
 13581 | D:11     | Killed a two-headed ogre
 13582 | D:11     | Reached skill level 10 in Spellcasting
 13609 | D:11     | Killed a boulder beetle
 13610 | D:11     | Reached skill level 11 in Dodging
 13746 | D:11     | Noticed a boulder beetle
 13766 | D:11     | Killed a boulder beetle
 13822 | D:11     | Found Zin's Purification Station.
 13823 | D:11     | Found a glowing silver altar of Zin.
 13828 | D:11     | Bought 2 potions of curing for 180 gold pieces
 13893 | D:11     | Noticed a deep elf pyromancer
 13894 | D:11     | Noticed a skeletal warrior
 13907 | D:11     | Killed a deep elf pyromancer
 14251 | D:11     | Found a staircase to the Lair.
 14278 | D:11     | Noticed a tengu warrior
 14321 | D:11     | Killed a tengu warrior
 15075 | Lair:1   | Entered Level 1 of the Lair of Beasts
 15075 | Lair:1   | Noticed Amaemon
 15201 | D:11     | Killed Amaemon
 15903 | Lair:1   | Reached XP level 12. HP: 55/56 MP: 22/27
 16179 | Lair:1   | Reached skill level 10 in Short Blades
 16179 | Lair:1   | Reached skill level 12 in Dodging
 16207 | Lair:1   | Reached skill level 5 in Air Magic
 17997 | Lair:2   | Reached skill level 13 in Dodging
 18256 | Lair:2   | Noticed a seven-headed hydra
 18257 | Lair:2   | Noticed a six-headed hydra
 18366 | Lair:2   | Killed a six-headed hydra
 18874 | Lair:2   | Killed a seven-headed hydra
 18875 | Lair:2   | Reached skill level 14 in Dodging
 19231 | Lair:2   | Found a staircase to the Swamp.
 19332 | Lair:2   | Identified the +0 spear "Hiplurer" {holy, Str+3}
 19335 | Lair:2   | Found a runed translucent door.
 19437 | Lair:2   | Noticed Zonian's ghost (journeyman DjIE)
 19515 | Lair:2   | Learned a level 4 spell: Airstrike
 19519 | Lair:2   | Learned a level 3 spell: Stone Arrow
 19525 | Lair:2   | Learned a level 5 spell: Lightning Bolt
 19780 | Lair:3   | Found a transporter.
 19816 | Lair:3   | Found a transporter.
 19959 | Lair:3   | Found a frozen archway.
 20067 | IceCv    | Entered an ice cave
 20604 | IceCv    | Reached XP level 13. HP: 33/63 MP: 18/28
 20957 | IceCv    | Found an ancient bone altar of Kikubaaqudgha.
 21115 | IceCv    | HP: 3/63 [three-headed hydra simulacrum (38)]
 21173 | IceCv    | Mangled by an ice devil

Illustrated notes

Levels and vault maps discovered:
D:1:      dpeg_arrival_pits, layout_loops_ring, chequers_mini_garden
D:2:      layout_loops_cross, hellmonk_ecumenical_altar_zigzags,
          serial_bayou_pond_e
D:3:      layout_basic, amcnicky_mini_pool_small, minmay_bisected
D:4:      layout_loops_cross, trog_three_pillars_becter, serial_shops,
          kennysheep_little_box, nicolae_shop_statue_plus,
          nicolae_shop_hallway_plus, shop_statue, nicolae_take_the_stairs,
          nicolae_concentric_dashed_squares_wild
D:5:      layout_cave_pools, amcnicky_altar_gilded, cheibrodos_sewer_entry_bend,
          minmay_misc_feat_five
D:6:      layout_basic, mainiacjoe_overflow_tiny_flanked,
          minmay_temple_entry_glassed_door
D:7:      layout_basic, enter_bailey_5, grunt_ministairs_9,
          kennysheep_generic_room_9
D:8:      cheibrodos_quashed, layout_rooms, mainiacjoe_overflow_alcove_1,
          cheibriados_altar_2, nicolae_ossuary_entry_monument, nrook_uturn,
          minmay_guarded_unrand_staff_of_olgreb, uniq_erica
D:9:      layout_basic
D:10:     layout_cave_pods, grunt_temple_overflow_holy_war,
          evilmike_ruin_ashenzari, serial_glass, glass_columns_c,
          glass_columns_a, abandoned_shop
D:11:     minmay_diamond_stairs, layout_loops_ring, lair_entry_dummy,
          david_orc_1_choice, zin_purify
Temple:   zaba_magenta_temple
Lair:1:   layout_loops_ring, nicolae_lair_lil_pond,
          nicolae_quartered_pool_medium, infiniplex_staircase_pool, uniq_amaemon
Lair:2:   layout_chaotic_city, palyth_hydra_swamp_entry,
          ebering_ghost_funeral_grove, nicolae_lair_liquid_snakes,
          grunt_megastairs_4
Lair:3:   layout_gridlike, dummy_spider_entry,
          gammafunk_ghost_berserking_beasts, portal_ice_cave_demonic_guard,
          ice2_lemuel
IceCv:    ice_cave_small_necro

Skill      XL: |  1  2  3  4  5  6  7  8  9 10 11 12 |
---------------+-------------------------------------+-----
Dodging        | 3 4 5 6 8 10 11 14 | 14.6
Spellcasting   | 3 4 5 7 9 10 | 10.0
Short Blades   | 2 3 4 6 8 9 10 | 10.0
Stealth        | 5 6 7 8 |  8.0
Hexes          | 4 5 6 7 |  7.0
Fighting       | 1 2 3 4 6 7 9 |  9.5
Conjurations   | 1 2 3 |  3.7
Translocations | 1 2 3 |  3.0
Air Magic      | 1 4 5 |  5.7

Action                   |  1- 3 |  4- 6 |  7- 9 | 10-12 | 13-15 || total
-------------------------+-------+-------+-------+-------+-------++-------
Melee: Dagger            |    98 |   196 |   578 |   997 |    65 ||  1934
       Punch             |     1 |     2 |    16 |    15 |     4 ||    38
Throw: Dart              |       |       |       |     5 |     1 ||     6
 Cast: Ensorcelled Hiber |     8 |    42 |    41 |   113 |       ||   204
       Confusing Touch   |       |       |    10 |    95 |     7 ||   112
       Blink             |       |       |       |     2 |       ||     2
       Airstrike         |       |       |       |     5 |       ||     5
       Arcjolt           |       |       |       |     1 |       ||     1
       Stone Arrow       |       |       |       |       |    18 ||    18
Invok: Call Merchant     |       |       |       |     2 |       ||     2
Evoke: Wand              |       |       |       |    14 |       ||    14
  Use: Scroll            |       |       |    15 |     6 |       ||    21
       Potion            |       |       |    11 |     4 |       ||    15
 Stab: Sleeping          |    14 |    27 |    23 |    62 |       ||   126
       Distracted        |     1 |       |     1 |     4 |       ||     6
       Confused          |       |       |     6 |    94 |    10 ||   110
Armor: Robe              |     3 |    15 |     2 |       |       ||    20
       Steam dragon scal |       |       |    98 |   117 |     5 ||   220
Dodge: Dodged            |    62 |   145 |   361 |   646 |    20 ||  1234
Block: Other             |       |       |       |    49 |     3 ||    52

Table legend: (Time is in decaauts)
 A = Elapsed time spent in this place.
 B = Non-inter-level travel time spent in this place.
 C = Inter-level travel time spent in this place.
 D = Time resting spent in this place.
 E = Time spent auto-exploring this place.
 F = Levels seen in this place.
 G = Mean time per level.
                   A        B        C        D        E       F      G
               +--------+--------+--------+--------+--------+-----+--------+
         Total |  15742 |  15233 |    509 |   3038 |   7906 |  18 |  874.6 |
       Dungeon |   9964 |   9543 |    421 |   1413 |   5658 |  11 |  905.8 |
        Temple |    255 |    233 |     22 |    136 |     30 |   1 |  255.0 |
          Lair |   3581 |   3516 |     65 |    795 |   1906 |   3 | 1193.7 |
       Ossuary |    391 |    391 |      0 |      0 |    185 |   1 |  391.0 |
        Bailey |    647 |    647 |      0 |    198 |    126 |   1 |  647.0 |
      Ice Cave |    902 |    902 |      0 |    494 |      0 |   1 |  902.0 |
               +--------+--------+--------+--------+--------+-----+--------+

Top non-repeatable levels by time:
  Lair:2: 1920 daAuts
     D:8: 1566 daAuts
  Lair:1: 1456 daAuts
     D:4: 1316 daAuts
    D:11: 1196 daAuts
     D:9: 1066 daAuts
     D:7: 924 daAuts
   IceCv: 902 daAuts
    D:10: 899 daAuts
     D:3: 695 daAuts
     D:5: 686 daAuts
  Bailey: 647 daAuts
     D:6: 628 daAuts
     D:1: 508 daAuts
     D:2: 475 daAuts
